 Dungeon Crawl Stone Soup version 0.29-a0-676-ga64570c9d2 (webtiles) character file.

Game seed: 12219354393585627421

346 Zonian the Chiller (level 6, -2/28 HPs)
             Began as a Vine Stalker Ice Elementalist on June 24, 2022.
             Slain by an ogre
             ... wielding a +0 giant club
              (22 damage)
             ... on level 5 of the Dungeon.
             The game lasted 00:13:11 (5720 turns).

Zonian the Chiller (Vine Stalker Ice Elementalist)  Turns: 5720, Time: 00:13:12

Health: -2/28      AC:  6    Str: 10    XL:     6   Next: 59%
Magic:  0/12       EV: 13    Int: 15    God:
Gold:   302        SH:  0    Dex: 17    Spells: 11/12 levels left

rFire   . . .      SeeInvis .   s - +1 hand axe (elec)
rCold   . . .      Faith    .   (no shield)
rNeg    . . .      Spirit   +   a - +0 robe
rPois   .          Reflect  .   (no helmet)
rElec   .          Harm     .   (no cloak)
rCorr   .          Rampage  .   q - +0 pair of gloves
Will    .....                   g - +2 pair of boots {Stlth+}
Stlth   ++++......              (no amulet)
HPRegen 0.89/turn               (no ring)
MPRegen 0.13/turn               (no ring)

@: no status effects
A: fangs 2, regeneration 1, magic shield, antimagic bite, no potion heal 2
a: no special abilities


You were on level 5 of the Dungeon.
You visited 1 branch of the dungeon, and saw 5 of its levels.

You collected 302 gold pieces.

Inventory:

Hand Weapons
 l - a +0 dagger
 o - a +0 hand axe
 s - a +1 hand axe of electrocution (weapon)
Missiles
 u - a throwing net
Armour
 a - a +0 robe (worn)
 g - a +2 pair of boots of stealth (worn)
 q - a +0 pair of gloves (worn)
 r - a +0 leather armour of fire resistance
Wands
 i - a wand of polymorph (5)
 m - a wand of mindburst (1)
Scrolls
 h - a scroll of identify
 j - a scroll of teleportation
Potions
 b - a potion of berserk rage
 c - a potion of flight {unknown}
 d - a potion of haste
 e - a potion of invisibility {unknown}
 f - 2 potions of heal wounds


   Skills:
 + Level 3.1 Dodging
 + Level 4.9 Stealth
 + Level 3.8 Spellcasting
 + Level 5.1 Ice Magic


You had 11 spell levels left.
You knew the following spells:

 Your Spells              Type           Power      Damage    Failure   Level
a - Freeze                Ice            72%        1d9       2%          1

Your spell library contained the following spells:

 Spells                   Type           Power      Damage    Failure   Level
 Frozen Ramparts          Ice            36%        1d5       7%          3
 Ozocubu's Armour         Ice            18%        N/A       7%          3
 Magic Dart               Conj           8%         1d3       19%         1
 Shock                    Conj/Air       8%         1d3       19%         1
 Call Imp                 Summ           2%         N/A       28%         2
 Mephitic Cloud           Conj/Pois/Air  2%         N/A       50%         3
 Swiftness                Air            2%         N/A       50%         3
 Hailstorm                Conj/Ice       10%        3d5       54%         4
 Airstrike                Air            1%         N/A       88%         4


Dungeon Overview and Level Annotations

Branches:
Dungeon (5/15)
 Temple: D:4-7

Altars:
Cheibriados
Fedhas
Gozag
Nemelex Xobeh
Qazlal
Wu Jian
Yredelemnul
Zin

Shops:
D:1 !   D:3 (


Innate Abilities, Weirdness & Mutations

You have extremely sharp teeth.
Your natural rate of healing is unusually fast.
When hurt, damage is shared between your health and your magic reserves.
Your bite disrupts and absorbs the magic of your enemies.
Potions cannot restore your health.


Message History

You slash the iguana!
You kill the iguana!
Found an opulent altar of Gozag.
Found an ornate altar of the Wu Jian Council.
There is an opulent altar of Gozag here.
Found a sparkling altar of Nemelex Xobeh.
Found a stormy altar of Qazlal.
Found a basalt altar of Yredelemnul.
There is a stormy altar of Qazlal here.
There is an opulent altar of Gozag here.
You kneel at the altar of Gozag.
There is a stormy altar of Qazlal here.
Found a glowing silver altar of Zin.
Found 8 gold pieces.
There is a basalt altar of Yredelemnul here.
You now have 302 gold pieces (gained 8).
Welcome back, Zonian the Vine Stalker Ice Elementalist.
Press ? for a list of commands and other information.
There is an opulent altar of Gozag here.
There is a stormy altar of Qazlal here.
Unknown command.
Press < or > to pray at altars.
There is a basalt altar of Yredelemnul here.
You kneel at the altar of Yredelemnul.
There is a glowing silver altar of Zin here.
Found a leather armour.
Found a pair of embroidered boots.
Unknown command.
Found a scroll labelled QYUZAFR KOLY.
An ogre comes into view. It is wielding a +0 giant club.
You see here a +2 pair of boots.
The helpless ogre fails to defend itself.
You hit the ogre but do no damage. Lightning courses through the ogre!
The ogre is moderately wounded.
The ogre hits you with a +0 giant club!
You hit the ogre. Your bite misses the ogre.
The ogre is heavily wounded.
The ogre hits you with a +0 giant club!!
Ouch! That really hurt!
You die...

.##.. ## ..#..## #.
.....#####.. #.....#...
... #......# #..
#......## ..# #?......#
##[.# ##...[...## #..#
#..@..#...####.#
#..O...##...##..###
.....###..##.........###
##.# ##..##....##..... #
##.......#####.#
##......# ##.#
#......#.# #.##
#....####.#### ##..## .#


You could see an ogre.

Vanquished Creatures
  A kobold brigand (D:4)
  A hound (D:4)
  An orc priest (D:4)
  2 iguanas (D:5)
  9 adders
  2 dart slugs
  3 orcs (D:4)
  5 bats
  9 endoplasms
  2 giant cockroaches
  7 goblins
  7 hobgoblins
  3 jackals (D:2)
  3 kobolds (D:2)
  5 quokkas
  6 ball pythons
  8 frilled lizards
  5 rats
79 creatures vanquished.

Vanquished Creatures (others)
  23 plants (D:4)
23 creatures vanquished.

Grand Total: 102 creatures vanquished

Notes
Turn   | Place    | Note
-------+----------+-------------------------------------------
     0 | D:1      | Zonian the Vine Stalker Ice Elementalist began the quest
                  | for the Orb.
     0 | D:1      | Reached XP level 1. HP: 9/9 MP: 4/4
   104 | D:1      | Found a faded altar of an unknown god.
   142 | D:1      | Reached XP level 2. HP: 1/13 MP: 1/6
   981 | D:1      | Found Volebb's Distillery.
  1033 | D:1      | Reached XP level 3. HP: 15/16 MP: 4/7
  1973 | D:2      | Gained mutation: Your natural rate of healing is unusually
                  | fast. [Vine Stalker growth]
  1973 | D:2      | Reached XP level 4. HP: 21/21 MP: 6/9
  2471 | D:2      | Found a blossoming altar of Fedhas.
  2764 | D:3      | Found Acucawk's Weapon Boutique.
  3692 | D:4      | Reached XP level 5. HP: 24/24 MP: 8/10
  4378 | D:4      | Noticed a kobold brigand
  4388 | D:4      | Killed a kobold brigand
  4389 | D:4      | Reached skill level 5 in Ice Magic
  4389 | D:4      | Reached XP level 6. HP: 18/28 MP: 1/12
  4733 | D:4      | Found a snail-covered altar of Cheibriados.
  4946 | D:4      | HP: 1/28 [ogre/+0 giant spiked club (9)]
  4948 | D:4      | Identified a scroll of acquirement
  4948 | D:4      | Acquired a +2 pair of boots of stealth
  5215 | D:5      | Entered Level 5 of the Dungeon
  5596 | D:5      | Found an opulent altar of Gozag.
  5601 | D:5      | Found an ornate altar of the Wu Jian Council.
  5606 | D:5      | Found a sparkling altar of Nemelex Xobeh.
  5609 | D:5      | Found a stormy altar of Qazlal.
  5612 | D:5      | Found a basalt altar of Yredelemnul.
  5635 | D:5      | Found a glowing silver altar of Zin.
  5720 | D:5      | Slain by an ogre

Illustrated notes

Levels and vault maps discovered:
D:1:      dpeg_arrival_fog, layout_basic, serial_shops, nicolae_lakefront_shop,
          hellmonk_ecumenical_altar_lost_god
D:2:      layout_basic, basic_altar
D:3:      layout_loops_ring, serial_shops, nicolae_shop_bloodbath_and_beyond,
          wander_ebering_terrifying_dragon_lair
D:4:      layout_rooms, kennysheep_mini_moat, slow_altar_1,
          lexackson_kobold_supper
D:5:      layout_layer_cave, nicolae_overflow_hallway_of_the_gods

Skill      XL: |  1  2  3  4  5 |
---------------+----------------+-----
Stealth        | 3 4 |  4.9
Dodging        | 2 3 |  3.1
Spellcasting   | 3 |  3.8
Ice Magic      | 5 |  5.1

Action                   |  1- 3 |  4- 6 || total
-------------------------+-------+-------++-------
Melee: Unarmed           |     8 |       ||     8
       Bite              |     7 |    19 ||    26
       Dagger            |    21 |    32 ||    53
       Punch             |       |     4 ||     4
       Hand axe          |       |    43 ||    43
Throw: Throwing net      |       |     1 ||     1
 Cast: Freeze            |    38 |    55 ||    93
Evoke: Wand              |       |     4 ||     4
  Use: Potion            |     3 |     2 ||     5
       Scroll            |       |     8 ||     8
 Stab: Sleeping          |     5 |     5 ||    10
       Distracted        |       |     2 ||     2
Armor: Robe              |     6 |    28 ||    34
Dodge: Dodged            |    39 |    73 ||   112

Table legend: (Time is in decaauts)
 A = Elapsed time spent in this place.
 B = Non-inter-level travel time spent in this place.
 C = Inter-level travel time spent in this place.
 D = Time resting spent in this place.
 E = Time spent auto-exploring this place.
 F = Levels seen in this place.
 G = Mean time per level.
                   A        B        C        D        E       F      G
               +--------+--------+--------+--------+--------+-----+--------+
         Total |   5699 |   5569 |    130 |   2081 |   2222 |   5 | 1139.8 |
       Dungeon |   5699 |   5569 |    130 |   2081 |   2222 |   5 | 1139.8 |
               +--------+--------+--------+--------+--------+-----+--------+

Top non-repeatable levels by time:
     D:1: 1527 daAuts
     D:4: 1276 daAuts
     D:3: 1224 daAuts
     D:2: 1164 daAuts
     D:5: 506 daAuts
